[Event "EYTCC U12 Girls 2019"]
[Site "Pardubice"]
[Date "2019.07.11"]
[Round "1.17"]
[White "Zhou, Lepu Coco"]
[Black "Mellor, Jessica"]
[Result "1-0"]
[ECO "C67"]
[WhiteElo "1861"]
[BlackElo "1663"]
[Annotator "NA"]
[PlyCount "111"]
[EventDate "2019.07.11"]
[EventType "swiss"]
[EventCountry "CZE"]
[SourceTitle "playchess.com"]
[Source "ChessBase"]
[SourceQuality "1"]
[WhiteTeam "Germany"]
[BlackTeam "England"]
[WhiteTeamCountry "GER"]
[BlackTeamCountry "ENG"]
[TimeControl "40/5400+30:1800+30"]

1. e4 e5 2. Nf3 Nc6 3. Bb5 Nf6 4. O-O Nxe4 5. d4 Nd6 6. Bxc6 dxc6 7. dxe5 Nf5 8. Qxd8+ Kxd8 9. Nc3 Be7 10. Bf4 Be6 11. Rad1+ Ke8 12. Rd2 Rd8 13. Rxd8+ Kxd8 14. Rd1+ Kc8 15. Ng5 Bxg5 16. Bxg5 h6 17. Bc1 Rd8 18. Rxd8+ Kxd8 19. b3 Nd4 20. h3 Nxc2 21. g4 h5 22. f3 hxg4 23. hxg4 Nd4 24. Kg2 Bd5 25. Be3 Ne6 26. Kg3 Kd7 27. f4 g6 28. f5 gxf5 29. gxf5 Ng7 30. Kg4 Ne8 31. Kg5 b6 32. b4 Ke7 33. Kh6 f6 34. e6 Nd6 35. Kg6 Be4 36. Nxe4 Nxe4 37. Bf4 c5 38. bxc5 bxc5 39. Bxc7 c4 40. Bf4 c3 41. Bc1 c2 42. Bb2 a6 43. a4 a5 44. Bc1 Kf8 45. Ba3+ Ke8 46. Kg7 Nc5 47. Kxf6 Nxa4 48. Ke5 Nc5 49. f6 Nd7+ 50. exd7+ Kxd7 51. Kd5 a4 52. Ke5 Ke8 53. Ke6 c1=Q 54. f7+ Kd8 55. f8=Q+ Kc7 56. Bxc1 1-0

[Event "EYTCC U12 Girls 2019"]
[Site "Pardubice"]
[Date "2019.07.11"]
[Round "1.18"]
[White "Pert, Nina"]
[Black "Braeutigam, Katerina"]
[Result "0-1"]
[ECO "B19"]
[WhiteElo "1452"]
[BlackElo "1837"]
[Annotator "NA"]
[PlyCount "102"]
[EventDate "2019.07.11"]
[EventType "swiss"]
[EventCountry "CZE"]
[SourceTitle "playchess.com"]
[Source "ChessBase"]
[SourceQuality "1"]
[WhiteTeam "England"]
[BlackTeam "Germany"]
[WhiteTeamCountry "ENG"]
[BlackTeamCountry "GER"]
[TimeControl "40/5400+30:1800+30"]

1. e4 c6 2. d4 d5 3. Nc3 dxe4 4. Nxe4 Bf5 5. Ng3 Bg6 6. h4 h6 7. Nf3 Nd7 8. h5 Bh7 9. Bd3 Bxd3 10. Qxd3 e6 11. Bd2 Ngf6 12. O-O-O Be7 13. Kb1 O-O 14. Ne4 Nxe4 15. Qxe4 Nf6 16. Qe2 Qd5 17. g4 Qe4 18. Be3 Nxg4 19. Rdg1 Nxe3 20. fxe3 Bf6 21. Nd2 Qd5 22. e4 Qxd4 23. c3 Qc5 24. Nb3 Qe5 25. Nd2 Qc7 26. Nf3 e5 27. Rh2 Kh8 28. Rhg2 Rg8 29. Rf1 Qe7 30. Qe3 b6 31. Rgf2 Rad8 32. Qe2 Rd7 33. Nh2 Qe6 34. Rf5 Bg5 35. Qe1 Bf4 36. Ng4 g6 37. R5xf4 exf4 38. Rxf4 g5 39. Rf5 Rgd8 40. Ne3 Qxe4+ 41. Kc1 Rd1+ 42. Qxd1 Qxe3+ 43. Kc2 Qe4+ 44. Kc1 Rxd1+ 45. Kxd1 Qxf5 46. Kd2 Qe4 47. Kc1 g4 48. b3 Qe2 49. a4 g3 50. Kb1 g2 51. b4 g1=Q# 0-1

[Event "EYTCC U12 Girls 2019"]
[Site "Pardubice"]
[Date "2019.07.11"]
[Round "1.19"]
[White "Ivanova, Dilyana"]
[Black "Veverkova, Dorota"]
[Result "1-0"]
[ECO "B18"]
[WhiteElo "1734"]
[BlackElo "1348"]
[Annotator "NA"]
[PlyCount "31"]
[EventDate "2019.07.11"]
[EventType "swiss"]
[EventCountry "CZE"]
[SourceTitle "playchess.com"]
[Source "ChessBase"]
[SourceQuality "1"]
[WhiteTeam "Bulgaria"]
[BlackTeam "Czech Republic"]
[WhiteTeamCountry "BUL"]
[BlackTeamCountry "CZE"]
[TimeControl "40/5400+30:1800+30"]

1. e4 c6 2. d4 d5 3. Nd2 dxe4 4. Nxe4 Bf5 5. Ng3 Bg6 6. N1e2 h6 7. Nf4 Bh7 8. Bc4 Nf6 9. O-O Nbd7 10. Re1 Qc7 11. c3 e6 12. Bxe6 fxe6 13. Nxe6 Qb6 14. Nc7+ Kd8 15. Nxa8 Bd6 16. Nxb6 1-0

[Event "EYTCC U12 Girls 2019"]
[Site "Pardubice"]
[Date "2019.07.11"]
[Round "1.20"]
[White "Zadrapova, Amalie"]
[Black "Karaivanova, Petya"]
[Result "0-1"]
[ECO "C90"]
[WhiteElo "1248"]
[BlackElo "1792"]
[Annotator "NA"]
[PlyCount "110"]
[EventDate "2019.07.11"]
[EventType "swiss"]
[EventCountry "CZE"]
[SourceTitle "playchess.com"]
[Source "ChessBase"]
[SourceQuality "1"]
[WhiteTeam "Czech Republic"]
[BlackTeam "Bulgaria"]
[WhiteTeamCountry "CZE"]
[BlackTeamCountry "BUL"]
[TimeControl "40/5400+30:1800+30"]

1. e4 e5 2. Nf3 Nc6 3. Bb5 a6 4. Ba4 Nf6 5. d3 b5 6. Bb3 Be7 7. O-O O-O 8. c3 d6 9. Re1 Bg4 10. Nbd2 Na5 11. Bc2 c5 12. Nf1 Nc6 13. Ng3 Rc8 14. h3 Bd7 15. Be3 Qc7 16. Rc1 Rfd8 17. d4 Na5 18. b3 Qb8 19. d5 h6 20. Qe2 Rf8 21. Rb1 Qc7 22. c4 Rb8 23. Bd3 b4 24. Qb2 Nb7 25. a3 a5 26. a4 Nh7 27. Qd2 Qd8 28. Nh5 Ng5 29. Nxg5 Bxg5 30. Bxg5 Qxg5 31. Qxg5 hxg5 32. Kh2 f6 33. Ng3 g6 34. Ne2 Kg7 35. g3 Rh8 36. Ng1 g4 37. Bf1 g5 38. f3 gxh3 39. Bxh3 f5 40. exf5 Bxf5 41. Rbc1 Rbf8 42. Kg2 Bg6 43. Be6 Nd8 44. Bg4 Nf7 45. Nh3 Kf6 46. f4 gxf4 47. gxf4 Rfg8 48. Kf2 Rh4 49. fxe5+ Nxe5 50. Be6 Rg7 51. Kg3 Bf5+ 52. Ng5 Rxg5+ 53. Kf2 Rh2+ 54. Ke3 Rg3+ 55. Kf4 Rf3# 0-1

[Event "EYTCC U12 Girls 2019"]
[Site "Pardubice"]
[Date "2019.07.11"]
[Round "1.21"]
[White "Siekanska, Maria"]
[Black "Havelkova, Beata"]
[Result "1-0"]
[ECO "D35"]
[WhiteElo "1561"]
[BlackElo "1316"]
[Annotator "NA"]
[PlyCount "71"]
[EventDate "2019.07.11"]
[EventType "swiss"]
[EventCountry "CZE"]
[SourceTitle "playchess.com"]
[Source "ChessBase"]
[SourceQuality "1"]
[WhiteTeam "Poland"]
[BlackTeam "Czech Republic"]
[WhiteTeamCountry "POL"]
[BlackTeamCountry "CZE"]
[TimeControl "40/5400+30:1800+30"]

1. d4 d5 2. c4 e6 3. Nc3 Nf6 4. cxd5 exd5 5. Bg5 c6 6. e3 Be7 7. Bd3 Nbd7 8. Nge2 Nh5 9. Bxe7 Qxe7 10. O-O O-O 11. Qd2 Re8 12. Rae1 Qg5 13. Nf4 Ndf6 14. Bb1 Bd7 15. Nce2 Nxf4 16. Nxf4 Ne4 17. Bxe4 dxe4 18. f3 exf3 19. Rxf3 Bf5 20. Rg3 Qh4 21. Qc3 g6 22. Rf1 Be4 23. Qb3 Re7 24. Nd3 Bxd3 25. Qxd3 Qe4 26. Qb3 Qd5 27. Qa3 Rae8 28. Rgf3 a6 29. h4 h5 30. Qd3 Qxa2 31. b3 Qa5 32. Rxf7 Rxf7 33. Qxg6+ Kh8 34. Qxf7 Rg8 35. Qe6 Qc7 36. Rf7 1-0

[Event "EYTCC U12 Girls 2019"]
[Site "Pardubice"]
[Date "2019.07.11"]
[Round "1.22"]
[White "Janouskova, Adela"]
[Black "Szopa, Emilia"]
[Result "0-1"]
[ECO "B22"]
[WhiteElo "1200"]
[BlackElo "1415"]
[Annotator "NA"]
[PlyCount "73"]
[EventDate "2019.07.11"]
[EventType "swiss"]
[EventCountry "CZE"]
[SourceTitle "playchess.com"]
[Source "ChessBase"]
[SourceQuality "1"]
[WhiteTeam "Czech Republic"]
[BlackTeam "Poland"]
[WhiteTeamCountry "CZE"]
[BlackTeamCountry "POL"]
[TimeControl "40/5400+30:1800+30"]

1. e4 c5 2. c3 d5 3. exd5 Qxd5 4. d4 e5 5. dxe5 Qxd1+ 6. Kxd1 Nc6 7. Bf4 Bg4+ 8. Be2 O-O-O+ 9. Nd2 Bxe2+ 10. Nxe2 Nge7 11. Bg3 Ng6 12. f4 Be7 13. Kc2 Rhe8 14. Rhe1 Bh4 15. Bxh4 Nxh4 16. g3 Ng2 17. Rg1 Ne3+ 18. Kc1 f6 19. exf6 Ng4 20. Rg2 Nxf6 21. b3 Nd5 22. Nc4 b5 23. Na3 Ne3 24. Rg1 a6 25. Nb1 Rd7 26. Na3 Re6 27. Nb1 Red6 28. Kb2 Rh6 29. h4 Re6 30. Kc1 Red6 31. Re1 b4 32. a3 Rd1+ 33. Rxd1 Rxd1+ 34. Kb2 Re1 35. Nc1 a5 36. axb4 cxb4 37. cxb4 0-1

[Event "EYTCC U12 Girls 2019"]
[Site "Pardubice"]
[Date "2019.07.11"]
[Round "1.23"]
[White "Mikheeva, Galina"]
[Black "Buyuk, Ecrin Efsa"]
[Result "1-0"]
[ECO "B12"]
[WhiteElo "1792"]
[BlackElo "1592"]
[Annotator "NA"]
[PlyCount "131"]
[EventDate "2019.07.11"]
[EventType "swiss"]
[EventCountry "CZE"]
[SourceTitle "playchess.com"]
[Source "ChessBase"]
[SourceQuality "1"]
[WhiteTeam "Russia"]
[BlackTeam "Turkey"]
[WhiteTeamCountry "RUS"]
[BlackTeamCountry "TUR"]
[TimeControl "40/5400+30:1800+30"]

1. e4 c6 2. d4 d5 3. e5 Bf5 4. h4 h6 5. g4 Bd7 6. h5 e6 7. f4 c5 8. c3 Nc6 9. Nf3 cxd4 10. cxd4 Rc8 11. Nc3 Bb4 12. Bd2 a6 13. Qb3 Qb6 14. a3 Bc5 15. Qxb6 Bxb6 16. Be3 Na5 17. Nd2 Ne7 18. Rc1 O-O 19. b4 Nac6 20. Nb3 Na7 21. Kd2 Rc6 22. Bd3 Rfc8 23. Rhf1 Nb5 24. Nxb5 axb5 25. Rxc6 bxc6 26. Kc2 Ra8 27. Kb2 Bd8 28. Nc5 Be8 29. f5 exf5 30. gxf5 Nc8 31. f6 Nb6 32. fxg7 Kxg7 33. Rg1+ Bg5 34. Bxg5 hxg5 35. Rxg5+ Kh6 36. Rf5 Nc4+ 37. Bxc4 dxc4 38. Ne4 Rd8 39. Nd6 Rb8 40. Nxf7+ Bxf7 41. Rxf7 Kxh5 42. Rc7 Rd8 43. Kc3 Ra8 44. Rxc6 Rxa3+ 45. Kc2 Rb3 46. d5 Re3 47. d6 Rd3 48. e6 Kg6 49. d7 Kf6 50. Rc8 Kxe6 51. d8=Q Rxd8 52. Rxd8 Ke7 53. Rb8 Kd7 54. Rxb5 Kc6 55. Rc5+ Kb6 56. Rxc4 Kb5 57. Kb3 Kb6 58. Ka4 Ka6 59. b5+ Kb6 60. Rc6+ Ka7 61. b6+ Kb7 62. Kb5 Kb8 63. Rh6 Kb7 64. Rh7+ Kb8 65. Kc6 Ka8 66. Rh8# 1-0

[Event "EYTCC U12 Girls 2019"]
[Site "Pardubice"]
[Date "2019.07.11"]
[Round "1.24"]
[White "Alagoz, Zumra Meryem"]
[Black "Goriachkina, Oksana"]
[Result "1-0"]
[ECO "B22"]
[WhiteElo "1310"]
[BlackElo "1417"]
[Annotator "NA"]
[PlyCount "149"]
[EventDate "2019.07.11"]
[EventType "swiss"]
[EventCountry "CZE"]
[SourceTitle "playchess.com"]
[Source "ChessBase"]
[SourceQuality "1"]
[WhiteTeam "Turkey"]
[BlackTeam "Russia"]
[WhiteTeamCountry "TUR"]
[BlackTeamCountry "RUS"]
[TimeControl "40/5400+30:1800+30"]

1. e4 c5 2. c3 d5 3. exd5 Qxd5 4. d4 Nf6 5. Nf3 Bg4 6. Be2 e6 7. h3 Bh5 8. O-O Nc6 9. Be3 cxd4 10. Nxd4 Bxe2 11. Qxe2 Nxd4 12. Bxd4 Be7 13. Rd1 Qc6 14. Nd2 O-O 15. Nf3 Nd7 16. Rd2 Bc5 17. Bxc5 Nxc5 18. Rad1 Qc7 19. Qe5 Qxe5 20. Nxe5 Na4 21. Rd4 b5 22. R1d2 a5 23. Nd7 Rfe8 24. Rd6 h6 25. Nb6 Nxb6 26. Rxb6 Rab8 27. Ra6 Ra8 28. Rdd6 Reb8 29. Rdb6 b4 30. Rxb8+ Rxb8 31. Rxa5 bxc3 32. bxc3 Rb1+ 33. Kh2 Rc1 34. Ra3 Kf8 35. Kg3 Ke7 36. Rb3 Kd6 37. a4 g6 38. Ra3 Rb1 39. a5 Rb7 40. Kf4 f6 41. a6 Ra7 42. Ke4 Kc5 43. Kd3 Rd7+ 44. Ke4 Ra7 45. f4 Kb6 46. Kd4 Rd7+ 47. Kc4 Rc7+ 48. Kb4 Ra7 49. c4 h5 50. c5+ Kc6 51. Kc4 e5 52. fxe5 fxe5 53. Rg3 Rg7 54. Rd3 g5 55. Rd6+ Kc7 56. Re6 Rg8 57. Rxe5 Kd7 58. a7 Ra8 59. Rxg5 h4 60. Kd5 Ke7 61. Rg7+ Kf6 62. Rb7 Rd8+ 63. Kc6 Rc8+ 64. Kb6 Re8 65. Rb8 Re6+ 66. c6 Re2 67. a8=Q Rb2+ 68. Kc7 Rxg2 69. Rf8+ Ke5 70. Qa5+ Ke4 71. Qf5+ Kd4 72. Rd8+ Ke3 73. Rd3+ Ke2 74. Qf3+ Ke1 75. Rd1# 1-0

[Event "EYTCC U12 Girls 2019"]
[Site "Pardubice"]
[Date "2019.07.11"]
[Round "1.29"]
[White "Pribylova, Sofie"]
[Black "Muetsch, Annmarie"]
[Result "0-1"]
[ECO "B31"]
[WhiteElo "2093"]
[BlackElo "2266"]
[Annotator "NA"]
[PlyCount "64"]
[EventDate "2019.07.11"]
[EventType "swiss"]
[EventCountry "CZE"]
[SourceTitle "playchess.com"]
[Source "ChessBase"]
[SourceQuality "1"]
[WhiteTeam "Czech Republic"]
[BlackTeam "Germany"]
[WhiteTeamCountry "CZE"]
[BlackTeamCountry "GER"]
[TimeControl "40/5400+30:1800+30"]

1. e4 c5 2. Nf3 Nc6 3. Bb5 g6 4. Bxc6 dxc6 5. d3 Bg7 6. h3 Qc7 7. Nc3 e5 8. Be3 b6 9. Qd2 Ne7 10. g4 h5 11. Rg1 hxg4 12. hxg4 f6 13. O-O-O g5 14. Qe2 Be6 15. Nd2 Rh4 16. f3 O-O-O 17. Rh1 Rdh8 18. Qg2 Ng6 19. Ne2 Bf8 20. Ng3 Qf7 21. a4 Qb7 22. Qf2 Qa6 23. b3 b5 24. Bxc5 bxa4 25. b4 Nf4 26. Bxf8 Rxf8 27. Rxh4 gxh4 28. Nh5 Nxd3+ 29. cxd3 Qxd3 30. Nb1 Qc4+ 31. Kb2 Qa2+ 32. Kc3 Qxf2 {[%emt 0:00:12] Kd4} 0-1

[Event "EYTCC U12 Girls 2019"]
[Site "Pardubice"]
[Date "2019.07.11"]
[Round "1.31"]
[White "Lehaci, Miruna-Daria"]
[Black "Ferkova, Dominika"]
[Result "1-0"]
[ECO "B12"]
[WhiteElo "2201"]
[BlackElo "2009"]
[Annotator "NA"]
[PlyCount "59"]
[EventDate "2019.07.11"]
[EventType "swiss"]
[EventCountry "CZE"]
[SourceTitle "playchess.com"]
[Source "ChessBase"]
[SourceQuality "1"]
[WhiteTeam "Romania"]
[BlackTeam "Slovakia"]
[WhiteTeamCountry "ROU"]
[BlackTeamCountry "SVK"]
[TimeControl "40/5400+30:1800+30"]

1. e4 c6 2. d4 d5 3. e5 Bf5 4. Nf3 e6 5. Be2 c5 6. O-O Nc6 7. c3 Bg6 8. a3 cxd4 9. cxd4 Nge7 10. Nc3 Nf5 11. b4 Be7 12. Bb2 O-O 13. Na4 a5 14. b5 Nb8 15. Rc1 Nd7 16. Qd2 Rc8 17. Rxc8 Qxc8 18. b6 Qa8 19. Bb5 Nb8 20. Rc1 Nc6 21. Bxc6 bxc6 22. Qc3 Rc8 23. Nd2 Qa6 24. Nb3 Qb5 25. Nxa5 Qxa4 26. b7 Rb8 27. Qxc6 Qxa5 28. Qc8+ Qd8 29. Qxb8 Qxb8 30. Rc8+ 1-0

[Event "EYTCC U12 Girls 2019"]
[Site "Pardubice"]
[Date "2019.07.11"]
[Round "1.33"]
[White "Kopcova, Ludmila"]
[Black "Sliwicka, Alicja"]
[Result "0-1"]
[ECO "A53"]
[WhiteElo "1980"]
[BlackElo "2261"]
[Annotator "NA"]
[PlyCount "48"]
[EventDate "2019.07.11"]
[EventType "swiss"]
[EventCountry "CZE"]
[SourceTitle "playchess.com"]
[Source "ChessBase"]
[SourceQuality "1"]
[WhiteTeam "Czech Republic"]
[BlackTeam "Poland"]
[WhiteTeamCountry "CZE"]
[BlackTeamCountry "POL"]
[TimeControl "40/5400+30:1800+30"]

1. d4 Nf6 2. c4 d6 3. Nc3 Nbd7 4. e4 e5 5. Be3 g6 6. f3 exd4 7. Qxd4 Bg7 8. O-O-O O-O 9. Qd2 Ne5 10. g4 Be6 11. b3 a5 12. h4 a4 13. h5 axb3 14. axb3 c6 15. hxg6 fxg6 16. Qxd6 Qxd6 17. Rxd6 Bxg4 18. f4 Nf7 19. Rd2 Ra1+ 20. Nb1 Nxe4 21. Rdh2 Nc3 22. Bd3 Rd8 23. Rd2 Na2+ 24. Kc2 Nb4+ 0-1

[Event "EYTCC U12 Girls 2019"]
[Site "Pardubice"]
[Date "2019.07.11"]
[Round "1.42"]
[White "Zeliantsova, Kseniya"]
[Black "Beliakova, Ilona"]
[Result "1-0"]
[ECO "C43"]
[WhiteElo "1907"]
[BlackElo "1759"]
[Annotator "NA"]
[PlyCount "45"]
[EventDate "2019.07.11"]
[EventType "swiss"]
[EventCountry "CZE"]
[SourceTitle "playchess.com"]
[Source "ChessBase"]
[SourceQuality "1"]
[WhiteTeam "Belarus"]
[BlackTeam "Russia"]
[WhiteTeamCountry "BLR"]
[BlackTeamCountry "RUS"]
[TimeControl "40/5400+30:1800+30"]

1. e4 e5 2. Nf3 Nf6 3. d4 Nxe4 4. Bd3 d5 5. Nxe5 Bd6 6. O-O O-O 7. c4 f6 8. Nf3 Bg4 9. c5 Be7 10. Bxe4 dxe4 11. Qb3+ Kh8 12. Qxb7 exf3 13. Qxa8 c6 14. Qxa7 fxg2 15. Re1 Re8 16. Bd2 f5 17. Ba5 Qxd4 18. Rxe7 Qd1+ 19. Be1 Rg8 20. Qa5 Nd7 21. Qd2 Nxc5 22. Qxd1 Bxd1 23. Kxg2 1-0

[Event "EYTCC U12 Girls 2019"]
[Site "Pardubice"]
[Date "2019.07.12"]
[Round "2.17"]
[White "Mellor, Jessica"]
[Black "Buyuk, Ecrin Efsa"]
[Result "1-0"]
[ECO "B19"]
[WhiteElo "1663"]
[BlackElo "1592"]
[Annotator "NA"]
[PlyCount "111"]
[EventDate "2019.07.11"]
[EventType "swiss"]
[EventCountry "CZE"]
[SourceTitle "playchess.com"]
[Source "ChessBase"]
[SourceQuality "1"]
[WhiteTeam "England"]
[BlackTeam "Turkey"]
[WhiteTeamCountry "ENG"]
[BlackTeamCountry "TUR"]
[TimeControl "40/5400+30:1800+30"]

1. e4 c6 2. d4 d5 3. Nc3 dxe4 4. Nxe4 Bf5 5. Ng3 Bg6 6. h4 h6 7. Nf3 Nd7 8. h5 Bh7 9. Bd3 Bxd3 10. Qxd3 e6 11. Bf4 Qa5+ 12. Bd2 Bb4 13. c3 Be7 14. c4 Qc7 15. O-O-O Ngf6 16. Kb1 O-O 17. Ne4 Rad8 18. Bc3 Qf4 19. Rh4 Qf5 20. Nxf6+ Nxf6 21. Qxf5 exf5 22. Rf4 g6 23. hxg6 fxg6 24. Ne5 Bd6 25. Re1 Ne4 26. Rf3 Rfe8 27. Nd3 Re7 28. Rfe3 Rde8 29. Kc2 Kf7 30. f3 Nxc3 31. Rxe7+ Rxe7 32. Rxe7+ Kxe7 33. Kxc3 Ke6 34. b4 h5 35. a4 a6 36. Nc5+ Bxc5 37. bxc5 a5 38. f4 Kf6 39. Kd3 Ke6 40. g3 Kf6 41. Ke3 Ke6 42. Kd3 Kd7 43. d5 Ke7 44. Ke3 Kf7 45. d6 Kf6 46. Kf3 Ke6 47. Kg2 Kf6 48. Kh3 Ke6 49. Kh4 Kf6 50. d7 Ke7 51. Kg5 Kxd7 52. Kxg6 Ke6 53. Kxh5 Kf6 54. Kh6 Kf7 55. Kg5 Ke6 56. Kg6 {[%emt 0:00:00] Kd5} 1-0

[Event "EYTCC U12 Girls 2019"]
[Site "Pardubice"]
[Date "2019.07.12"]
[Round "2.18"]
[White "Alagoz, Zumra Meryem"]
[Black "Solovieva, Kristina"]
[Result "1-0"]
[ECO "B22"]
[WhiteElo "1310"]
[BlackElo "1469"]
[Annotator "NA"]
[PlyCount "101"]
[EventDate "2019.07.11"]
[EventType "swiss"]
[EventCountry "CZE"]
[SourceTitle "playchess.com"]
[Source "ChessBase"]
[SourceQuality "1"]
[WhiteTeam "Turkey"]
[BlackTeam "England"]
[WhiteTeamCountry "TUR"]
[BlackTeamCountry "ENG"]
[TimeControl "40/5400+30:1800+30"]

1. e4 c5 2. c3 e6 3. d4 cxd4 4. cxd4 d5 5. exd5 exd5 6. Nf3 Nc6 7. Nc3 Nf6 8. Be2 Be7 9. Bg5 Be6 10. O-O O-O 11. Rc1 h6 12. Bf4 a6 13. Na4 Nd7 14. Ne5 Ndxe5 15. Bxe5 Nxe5 16. dxe5 b5 17. Nc5 Bxc5 18. Rxc5 Qd7 19. Bf3 Rfd8 20. Qd2 Rac8 21. Rfc1 Rxc5 22. Rxc5 Rc8 23. Rxc8+ Qxc8 24. h3 Qc5 25. b4 Qc4 26. Bd1 Qe4 27. f4 Bf5 28. Kf2 Be6 29. Bc2 Qc4 30. Bd3 Qc6 31. f5 Bd7 32. Qe3 Qc3 33. f6 d4 34. Qe4 Qd2+ 35. Kg1 Qe3+ 36. Qxe3 dxe3 37. Kf1 gxf6 38. exf6 Bc6 39. h4 Kf8 40. Ke2 Bxg2 41. Kxe3 Ke8 42. Be4 Bf1 43. Bc6+ Kd8 44. Kd4 Kc7 45. Bd5 Bc4 46. Bxc4 bxc4 47. Kxc4 Kc6 48. a4 Kb6 49. Kd5 Kc7 50. b5 axb5 51. axb5 1-0

[Event "EYTCC U12 Girls 2019"]
[Site "Pardubice"]
[Date "2019.07.12"]
[Round "2.19"]
[White "Havelkova, Beata"]
[Black "Mikheeva, Galina"]
[Result "1/2-1/2"]
[ECO "C61"]
[WhiteElo "1316"]
[BlackElo "1792"]
[Annotator "NA"]
[PlyCount "103"]
[EventDate "2019.07.11"]
[EventType "swiss"]
[EventCountry "CZE"]
[SourceTitle "playchess.com"]
[Source "ChessBase"]
[SourceQuality "1"]
[WhiteTeam "Czech Republic"]
[BlackTeam "Russia"]
[WhiteTeamCountry "CZE"]
[BlackTeamCountry "RUS"]
[TimeControl "40/5400+30:1800+30"]

1. e4 e5 2. Nf3 Nc6 3. Bb5 Nd4 4. Nxd4 exd4 5. O-O Bc5 6. Bc4 Qh4 7. Qf3 Nh6 8. d3 O-O 9. Qf4 Qxf4 10. Bxf4 c6 11. Nd2 b5 12. Bb3 d6 13. h3 Re8 14. a4 Ba6 15. Rfb1 Red8 16. g4 Kf8 17. Nf3 f6 18. g5 Nf7 19. Bxf7 Kxf7 20. b4 Bb6 21. a5 Bc7 22. Nxd4 c5 23. Nf5 Rac8 24. c3 d5 25. Bxc7 Rxc7 26. gxf6 gxf6 27. Ne3 dxe4 28. dxe4 cxb4 29. Nd5 Rc5 30. cxb4 Rc4 31. Rc1 Rxe4 32. Rc7+ Ke6 33. Rxa7 Rxd5 34. Rxa6+ Kf5 35. Rb1 Rdd4 36. Rb6 Rxb4 37. Rxb5+ Rxb5 38. Rxb5+ Kf4 39. a6 Ra4 40. Rb6 f5 41. Kg2 h5 42. Re6 Ra5 43. Kf1 Kf3 44. Ke1 f4 45. Rf6 Ra4 46. h4 Ra2 47. Rh6 Rxf2 48. Rxh5 Ra2 49. Rh6 Kg4 50. Kf1 Kf3 51. Ke1 Kg4 52. Kf1 1/2-1/2

[Event "EYTCC U12 Girls 2019"]
[Site "Pardubice"]
[Date "2019.07.12"]
[Round "2.20"]
[White "Goriachkina, Oksana"]
[Black "Janouskova, Adela"]
[Result "1/2-1/2"]
[ECO "D37"]
[WhiteElo "1417"]
[BlackElo "1200"]
[Annotator "NA"]
[PlyCount "117"]
[EventDate "2019.07.11"]
[EventType "swiss"]
[EventCountry "CZE"]
[SourceTitle "playchess.com"]
[Source "ChessBase"]
[SourceQuality "1"]
[WhiteTeam "Russia"]
[BlackTeam "Czech Republic"]
[WhiteTeamCountry "RUS"]
[BlackTeamCountry "CZE"]
[TimeControl "40/5400+30:1800+30"]

1. d4 d5 2. c4 e6 3. Nf3 Nf6 4. Bf4 Be7 5. Nc3 O-O 6. e3 Nbd7 7. Bd3 dxc4 8. Bxc4 a6 9. O-O c5 10. Ne5 cxd4 11. Qxd4 Bc5 12. Qd2 Nxe5 13. Qxd8 Nf3+ 14. gxf3 Rxd8 15. Rfd1 Bd7 16. Bg5 Bc6 17. e4 Rxd1+ 18. Rxd1 Nd7 19. Bf4 Nb6 20. Bb3 h6 21. Be3 Bxe3 22. fxe3 Nd7 23. Kf2 Nf6 24. Ne2 b5 25. Nd4 Bb7 26. a3 Re8 27. Ke2 Re7 28. Rc1 Re8 29. Rc7 Rb8 30. Ba2 Ne8 31. Rc1 Rc8 32. Rxc8 Bxc8 33. Kd3 Bb7 34. Kc3 Kf8 35. Nb3 Ke7 36. Nc5 Bc8 37. Kd4 Nf6 38. Nd3 Nd7 39. Kc3 Kd6 40. Kd4 Bb7 41. b4 Ba8 42. Bb3 Bc6 43. Bc2 Kc7 44. Bd1 Kd6 45. Bb3 Kc7 46. Ba2 Kd6 47. Bb3 Kc7 48. Bc2 Kd6 49. Bd1 Kc7 50. Bc2 Kd6 51. Bb1 Kc7 52. Ba2 Kd6 53. Bb3 Kc7 54. Bd1 Kd6 55. Be2 Kc7 56. Bf1 Kd6 57. Bg2 Kc7 58. Bh1 Kd6 59. Bg2 {[%emt 0:00:00] Ke5+} 1/2-1/2

[Event "EYTCC U12 Girls 2019"]
[Site "Pardubice"]
[Date "2019.07.12"]
[Round "2.21"]
[White "Veverkova, Dorota"]
[Black "Siekanska, Maria"]
[Result "0-1"]
[ECO "B23"]
[WhiteElo "1348"]
[BlackElo "1561"]
[Annotator "NA"]
[PlyCount "86"]
[EventDate "2019.07.11"]
[EventType "swiss"]
[EventCountry "CZE"]
[SourceTitle "playchess.com"]
[Source "ChessBase"]
[SourceQuality "1"]
[WhiteTeam "Czech Republic"]
[BlackTeam "Poland"]
[WhiteTeamCountry "CZE"]
[BlackTeamCountry "POL"]
[TimeControl "40/5400+30:1800+30"]

1. e4 c5 2. Nc3 e6 3. f4 d6 4. Nf3 Nc6 5. d3 Nf6 6. Be2 Be7 7. O-O O-O 8. Qe1 a6 9. Qg3 Re8 10. Kh1 b5 11. a3 Bb7 12. Be3 Rb8 13. Rg1 d5 14. e5 d4 15. exf6 Bxf6 16. Bd2 dxc3 17. Bxc3 Nd4 18. Nxd4 cxd4 19. Bd2 Rc8 20. Rac1 Re7 21. Bf3 Rec7 22. Bxb7 Rxb7 23. c3 Rbc7 24. Qe1 dxc3 25. Bxc3 Qxd3 26. Rd1 Bxc3 27. Rxd3 Bxe1 28. Rxe1 Rc1 29. Rdd1 R1c2 30. Rd3 Rxb2 31. Red1 h5 32. Rd8+ Rxd8 33. Rxd8+ Kh7 34. g3 Rb3 35. Rd7 Kg6 36. Ra7 Rxa3 37. Kg1 Ra2 38. h3 b4 39. Rb7 a5 40. Rb5 f5 41. Re5 Kf6 42. Kf1 b3 43. Rb5 b2 0-1

[Event "EYTCC U12 Girls 2019"]
[Site "Pardubice"]
[Date "2019.07.12"]
[Round "2.22"]
[White "Szopa, Emilia"]
[Black "Zadrapova, Amalie"]
[Result "1-0"]
[ECO "B20"]
[WhiteElo "1415"]
[BlackElo "1248"]
[Annotator "NA"]
[PlyCount "69"]
[EventDate "2019.07.11"]
[EventType "swiss"]
[EventCountry "CZE"]
[SourceTitle "playchess.com"]
[Source "ChessBase"]
[SourceQuality "1"]
[WhiteTeam "Poland"]
[BlackTeam "Czech Republic"]
[WhiteTeamCountry "POL"]
[BlackTeamCountry "CZE"]
[TimeControl "40/5400+30:1800+30"]

1. e4 c5 2. Ne2 d6 3. g3 Nf6 4. Bg2 e6 5. O-O Be7 6. c3 O-O 7. d4 Nc6 8. Na3 Re8 9. Nc2 d5 10. e5 Nd7 11. f4 b6 12. c4 Ndb8 13. cxd5 exd5 14. dxc5 Bxc5+ 15. Be3 Bxe3+ 16. Nxe3 Bb7 17. Qxd5 Qe7 18. Nf5 Qe6 19. Qxe6 fxe6 20. Nd6 Re7 21. Nxb7 Rxb7 22. Nd4 Rc7 23. Rac1 Kf7 24. Nxc6 Nxc6 25. Rxc6 Rxc6 26. Bxc6 Rc8 27. Be4 Rc4 28. Bd3 Rb4 29. b3 Rd4 30. Rd1 Rd5 31. Be2 Ra5 32. Bc4 Rxa2 33. Rd7+ Kg6 34. Bxe6 b5 35. Bd5 1-0

[Event "EYTCC U12 Girls 2019"]
[Site "Pardubice"]
[Date "2019.07.12"]
[Round "2.23"]
[White "Pohle, Saskia"]
[Black "Ivanova, Dilyana"]
[Result "1/2-1/2"]
[ECO "B90"]
[WhiteElo "1719"]
[BlackElo "1734"]
[Annotator "NA"]
[PlyCount "93"]
[EventDate "2019.07.11"]
[EventType "swiss"]
[EventCountry "CZE"]
[SourceTitle "playchess.com"]
[Source "ChessBase"]
[SourceQuality "1"]
[WhiteTeam "Germany"]
[BlackTeam "Bulgaria"]
[WhiteTeamCountry "GER"]
[BlackTeamCountry "BUL"]
[TimeControl "40/5400+30:1800+30"]

1. e4 c5 2. Nf3 d6 3. d4 cxd4 4. Nxd4 Nf6 5. Nc3 a6 6. Qf3 e6 7. Be3 Nbd7 8. O-O-O Qc7 9. Qg3 b6 10. f3 Bb7 11. a3 Rc8 12. Kb1 Ne5 13. Qf2 Be7 14. g4 Nc4 15. Bxc4 Qxc4 16. h4 O-O 17. g5 Nd7 18. h5 f5 19. gxf6 Nxf6 20. Rdg1 Rf7 21. Qg3 Kh8 22. Qh3 Rc5 23. Qxe6 Qxe6 24. Nxe6 Rxh5 25. Bxb6 Rxh1 26. Rxh1 Nd7 27. Bd8 Bf6 28. Bxf6 Rxf6 29. Nd4 Ne5 30. Rf1 g6 31. Nd5 Bxd5 32. exd5 Nc4 33. Re1 Kg7 34. f4 Kf7 35. Ne6 Nb6 36. Ng5+ Kg8 37. Re6 Nxd5 38. Rxf6 Nxf6 39. b4 h6 40. Nh3 Kf7 41. c4 Ne4 42. Kc2 Ke6 43. Kd3 Ng3 44. a4 Nf5 45. a5 d5 46. Nf2 h5 47. Nh3 1/2-1/2